 Dungeon Crawl Stone Soup version 0.25-a0-1056-g2efb326896 (webtiles) character file.

Game seed: 16335353345525584299, levelgen mode: deterministic

11 Flugslaktarn the Shield-Bearer (level 2, -4/27 HPs)
             Began as a Deep Dwarf Fighter on May 13, 2020.
             Slain by Terence
             ... wielding a +0 mace of distortion
              (21 damage)
             ... on level 3 of the Dungeon.
             The game lasted 00:00:17 (345 turns).

Flugslaktarn the Shield-Bearer (Deep Dwarf Fighter)  Turns: 345, Time: 00:00:18

Health: -4/27      AC:  8    Str: 19    XL:     2   Next: 17%
Magic:  1/1        EV:  7    Int:  8    God:
Gold:   12         SH:  9    Dex: 12    Spells: 1/1 levels left

rFire    . . .     SeeInvis .   a - +0 war axe
rCold    . . .     Gourm    .   c - +0 kite shield
rNeg     . . .     Faith    .   b - +0 scale mail
rPois    .         Spirit   .   (no helmet)
rElec    .         Reflect  .   (no cloak)
rCorr    .         Harm     .   h - +0 pair of gloves
MR       .....                  (no boots)
Stlth    ..........             (no amulet)
HPRegen  0.00/turn              (no ring)
MPRegen  0.07/turn              (no ring)

@: non-regenerating
A: damage resistance, heal wounds, sense surroundings 1, no regeneration
a: Heal Wounds


You were on level 3 of the Dungeon.
You were not hungry.

You visited 1 branch of the dungeon, and saw 3 of its levels.

You collected 12 gold pieces.

Inventory:

Hand Weapons
 a - a +0 war axe (weapon)
Armour
 b - a +0 scale mail (worn)
 c - a +0 kite shield (worn)
 h - a +0 pair of gloves (worn)
   (You found it on level 1 of the Dungeon)
Scrolls
 i - a scroll of noise {unknown}
Potions
 d - a potion of might
 g - a potion of cancellation {unknown}
 j - 2 potions of curing {unknown}
Comestibles
 e - a ration
 f - 5 chunks of flesh


   Skills:
 + Level 2.8 Fighting
 * Level 2.6 Axes
 + Level 3.4 Armour
 + Level 3.4 Shields


You had one spell level left.
You didn't know any spells.
Your spell library was empty.

Dungeon Overview and Level Annotations

Branches:
Dungeon (3/15)

Altars:

Annotations:
D:3 Terence


Innate Abilities, Weirdness & Mutations

You are resistant to damage.
You can heal yourself by infusing magical energy.
You passively map a small area around you.
You do not regenerate.


Message History

No target in view!
No target in view!
No target in view!
No target in view!
Unknown command.
You slash Terence!
Terence is heavily wounded.
Terence closely misses you. Terence barely misses you.
You barely miss Terence.
Terence is heavily wounded.
Your shield and scale mail prevent you from hitting the hobgoblin.
You block the hobgoblin's attack. You block Terence's attack.
You closely miss Terence.
Terence is heavily wounded.
You closely miss the hobgoblin.
The hobgoblin hits you but does no damage.
Terence hits you with a +0 mace of distortion.
Space warps horribly around you!!
Ouch! That really hurt!
You die...

, ,... , ... , , ,
, , *#.. .... , ,,
.######.###..... ,
................ ,
, *
................ ,
######.###..... ,*
#...# * ... * , *
*, ##.#.# * # * *
...#.####@@#.### ,
.........g..>.....
** ,
*#####.##..##.##...
* #,#<.##..# * *
*,#.## .#. , , , ,
#.. , .# * , ,....
# * ...... ,, * , ,
, ....... , ,


You could see Terence and a hobgoblin.

Vanquished Creatures
  A hobgoblin (D:1)
  3 jackals (D:2)
  A frilled lizard (D:1)
  3 goblins (D:1)
  A kobold (D:1)
  2 rats (D:1)
11 creatures vanquished.

Notes
Turn   | Place    | Note
-------+----------+-------------------------------------------
     0 | D:1      | Flugslaktarn the Deep Dwarf Fighter began the quest for the
                  | Orb.
     0 | D:1      | Reached XP level 1. HP: 20/20 MP: 1/1
   326 | D:2      | Reached XP level 2. HP: 25/27 MP: 1/1
   331 | D:3      | Noticed Terence
   345 | D:3      | Slain by Terence

Illustrated notes

Levels and vault maps discovered:
D:1:      ebering_trefoil_3fold, layout_loops_corners
D:2:      layout_basic, chequers_ecumenical_altar_island,
          minmay_misc_feat_roman, nicolae_qazlal_general_emergency
D:3:      layout_rooms, serial_corexii_hall, chequers_hall_statues_wall_a,
          corexii_hall_statues_l, due_unseen_surprise, uniq_crazy_yiuf_cottage,
          uniq_jessica, uniq_terence

Action                   || total
-------------------------++-------
Melee: War axe           ||    48
 Abil: Heal Wounds       ||     1
Armor: Scale mail        ||    19
Dodge: Dodged            ||    12
Block: Kite shield       ||    22

Table legend:
 A = Non-vault XP
 B = Vault XP
 C = Vault XP percentage of total XP
 D = Non-vault monster count
 E = Vault monster count
 F = Vault count percentage of total count
                 A         B        C        D         E       F
            +---------+---------+-------+---------+---------+-------
      Total |      17 |       0 |   0.0 |      11 |       0 |   0.0
            +---------+---------+-------+---------+---------+-------
        D:1 |      11 |       0 |   0.0 |       8 |       0 |   0.0
        D:2 |       6 |       0 |   0.0 |       3 |       0 |   0.0
            +---------+---------+-------+---------+---------+-------
